 Dungeon Crawl Stone Soup version 0.31-a0-152-g6aa68a64a1 (webtiles) character file.

Game seed: 9561532414061791477

53 qw the Chopper (level 3, 0/23 HPs)
             Began as a Gargoyle Fighter on June 10, 2023.
             Slain by Ijyb
             ... wielding a +1 dagger of freezing
              (3 damage)
             ... on level 3 of the Dungeon.
             The game lasted 00:01:00 (1978 turns).

qw the Chopper (Gargoyle Fighter)                   Turns: 1978, Time: 00:01:00

Health: 0/23       AC: 10    Str: 21    XL:     3   Next: 89%
Magic:  3/3        EV:  9    Int:  8    God:
Gold:   92         SH:  0    Dex:  9    Spells: 2/2 levels left

rFire   . . .        Y - +1 war axe (freeze)
rCold   . . .        c - +0 buckler
rNeg    + . .        b - +0 scale mail
rPois   inf          (no helmet)
rElec   +            (no cloak)
rCorr   .            (no gloves)
SInv    .            (no boots)
Will    .....        (no amulet) Stlth
                     (no ring)
HPRegen 0.23/turn    (no ring)
MPRegen 0.08/turn

%: no passive effects
@: confused
A: sickness immunity, AC +3, negative energy resistance 1, electricity
resistance, torment resistance 1, petrification resistance
a: no special abilities


You were on level 3 of the Dungeon.
You visited 1 branch of the dungeon, and saw 3 of its levels.

You collected 92 gold pieces.


Innate Abilities, Weirdness & Mutations

You are immune to sickness and miasma.
Your stone body is resilient. (AC +3)
You are immune to poison.
You resist negative energy. (rN+)
You are resistant to electric shocks. (rElec)
You are resistant to unholy torment.
You are immune to petrification.


   Skills:
 - Level 3.2 Fighting
 + Level 3.7 Axes
 - Level 3.2 Armour
 - Level 3.2 Shields


You had 2 spell levels left.
You didn't know any spells.
Your spell library was empty.

Inventory:

Hand Weapons
 h - a +0 whip
 Y - a +1 war axe of freezing (weapon)
Armour
 b - a +0 scale mail (worn)
 c - a +0 buckler (worn)
 l - the +0 pair of boots "Icveakki" {Harm rPois rF+ rC-}
   (You found it on level 3 of the Dungeon)

   rF:        It protects you from fire.
   rC:        It makes you vulnerable to cold.
   rPois:     It protects you from poison.
   Harm:      It increases damage dealt and taken.
Scrolls
 a - a scroll of identify
 j - 2 scrolls of teleportation
Potions
 d - a potion of might
 e - a potion of lignification
 f - a potion of mutation
 g - a potion of haste {unknown}
 i - a potion of enlightenment {unknown}
 m - a potion of curing {unknown}

Dungeon Overview and Level Annotations

Branches:
Dungeon (3/15)

Altars:

Annotations:
D:3 Ijyb


Message History

The bat hits you but does no damage.
Ijyb zaps a wand.
Your will is overpowered!
You are more confused.
The bat barely misses you.
Ijyb zaps a wand.
Your will is overpowered!
You are more confused.
The bat hits you but does no damage.
Ijyb zaps a wand.
Your will is overpowered!
You are more confused.
The now-empty wand crumbles to dust.
The bat hits you but does no damage. Ijyb barely misses you.
The bat hits you but does no damage.
Ijyb hits you with a +1 dagger of freezing.
Ijyb freezes you. The bat barely misses you. Ijyb closely misses you.
Ijyb misses you. The bat barely misses you.
Ijyb hits you with a +1 dagger of freezing.
Ijyb freezes you. The bat hits you but does no damage.
Ijyb hits you with a +1 dagger of freezing.
Ijyb freezes you. The bat closely misses you.
Ijyb hits you with a +1 dagger of freezing.
Ijyb freezes you. Ijyb hits you but does no damage.
The bat hits you but does no damage. x2
Ijyb hits you with a +1 dagger of freezing.
Ijyb freezes you. The bat barely misses you. Ijyb hits you but does no damage.
Ijyb closely misses you. The bat misses you. Ijyb hits you but does no damage.
The bat hits you but does no damage. Ijyb closely misses you.
The bat hits you but does no damage. Ijyb hits you but does no damage.
Ijyb barely misses you. The bat barely misses you.
Ijyb hits you but does no damage. The bat barely misses you.
Ijyb hits you with a +1 dagger of freezing.
Ijyb freezes you. Ijyb hits you but does no damage. The bat closely misses you.
Ijyb hits you with a +1 dagger of freezing.
You die...

... ............
####.....#.....#.....
................#.#.
#........##.####.)..
#........#..##......
...................
..b...(#......#.##
..#######.g......<..##....
.......<.@........### ####
.....####........## #. ...
#........ #. .
#........########.
..................
#......######....#
######....(......#
########...## #####


You could see Ijyb and a bat.

Vanquished Creatures
  A worm (D:3)
  2 dart slugs
  2 orcs (D:3)
  10 bats
  3 endoplasms
  2 giant cockroaches (D:1)
  4 goblins
  3 jackals (D:1)
  5 kobolds
  2 quokkas (D:1)
  3 ball pythons (D:1)
  3 frilled lizards (D:1)
  4 rats
44 creatures vanquished.

Notes
Turn   | Place    | Note
-------+----------+-------------------------------------------
     0 | D:1      | qw the Gargoyle Fighter began the quest for the Orb.
     0 | D:1      | Reached XP level 1. HP: 14/14 MP: 1/1
     0 | D:1      | 0 ||| qw: Version: 0.2-a-123-gb51047a
     0 | D:1      | 0 ||| qw: Game counter: 3796
     0 | D:1      | 0 ||| qw: Always use a shield: true
     0 | D:1      | 0 ||| qw: God list: Okawaru
     0 | D:1      | 0 ||| qw: Allow faded altars: false
     0 | D:1      | 0 ||| qw: Do Orc after D:15 true
     0 | D:1      | 0 ||| qw: Do second Lair branch before Depths: true
     0 | D:1      | 0 ||| qw: Lair rune preference: random
     0 | D:1      | 0 ||| qw: Plans: Normal, Zot:1-4, Slime:5, God:TSO, Crypt,
                  | Tomb, Abyss, Pan, Hells, Win
     0 | D:1      | 0 ||| PLANNING D:1-11
    54 | D:1      | 54 ||| Stepping ~*~*~tactically~*~*~ (hiding).
    55 | D:1      | 55 ||| Stepping ~*~*~tactically~*~*~ (hiding).
   320 | D:1      | Reached XP level 2. HP: 19/19 MP: 2/2
   330 | D:1      | 330 ||| Stepping ~*~*~tactically~*~*~ (stealth).
   374 | D:1      | 374 ||| DROPPING +0 club.
   429 | D:1      | 429 ||| Stepping ~*~*~tactically~*~*~ (hiding).
   442 | D:1      | 442 ||| Stepping ~*~*~tactically~*~*~ (stealth).
   693 | D:1      | Reached skill level 3 in Axes
   739 | D:1      | Reached XP level 3. HP: 23/23 MP: 3/3
  1142 | D:1      | 1142 ||| READING scroll labelled QYIXIF GAX FOZ.
  1143 | D:1      | 1143 ||| READING scroll labelled REPOCA WAAS.
  1161 | D:2      | Found a faded altar of an unknown god.
  1298 | D:2      | You fall into a shaft and drop 1 floor!
  1345 | D:3      | 1345 ||| SWAPPING to +1 war axe of freezing.
  1346 | D:3      | 1346 ||| DROPPING +0 war axe.
  1369 | D:3      | Identified the +0 pair of boots "Icveakki" {Harm rPois rF+
                  | rC-}
  1487 | D:3      | 1487 ||| READING scroll labelled NEIRHA UPNE.
  1493 | D:3      | Noticed Ijyb
  1494 | D:3      | 1494 ||| STAIRDANCE
  1929 | D:2      | 1929 ||| READING scroll labelled QEONGICW BASAG.
  1930 | D:2      | 1930 ||| READING scroll labelled USE BEN HUORUI.
  1931 | D:2      | 1931 ||| READING scroll labelled ZIOLISUULI.
  1932 | D:2      | 1932 ||| READING 3 scrolls of identify.
  1932 | D:2      | 1932 ||| IDENTIFYING sedimented dark potion
  1933 | D:2      | 1933 ||| READING 2 scrolls of identify.
  1933 | D:2      | 1933 ||| IDENTIFYING fizzy brown potion
  1941 | D:3      | 1941 ||| STAIRDANCE
  1968 | D:3      | HP: 5/23 [Ijyb/+1 dagger of freezing (1)]
  1976 | D:3      | HP: 4/23 [Ijyb/+1 dagger of freezing (3)]
  1978 | D:3      | Slain by Ijyb

Levels and vault maps discovered:
D:1:      erik_arrival_cave_to_civilisation [erik_arrival_cave_to_hall],
          layout_basic, serial_forest, infiniplex_forest_clump_medium,
          infiniplex_forest_zigzag_1, infiniplex_forest_clump_small,
          infiniplex_forest_clump_diagonal, infiniplex_forest_lined_room_2,
          infiniplex_forest_diagonal, infiniplex_forest_3_way
D:2:      layout_basic, ebering_ecumenical_altar_ruins, roderic_lattice_a,
          minmay_misc_feat_pillars
D:3:      cheibrodos_fertilizer, layout_rooms, due_unseen_surprise, uniq_ijyb,
          uniq_crazy_yiuf_cottage

Skill      XL: |  1  2 |
---------------+-------+-----
Axes           | 2 3 |  3.7
Fighting       | |  3.2
Armour         | |  3.2
Shields        | |  3.2

Action                     || total
---------------------------++-------
  Melee: War axe           ||   110
    Use: Scroll            ||     8
 Armour: Scale mail        ||    94
  Dodge: Dodged            ||    69
  Block: Buckler           ||    34

Table legend:
 A = Non-vault XP
 B = Vault XP
 C = Vault XP percentage of total XP
 D = Non-vault monster count
 E = Vault monster count
 F = Vault count percentage of total count
                 A         B        C        D         E       F
            +---------+---------+-------+---------+---------+-------
      Total |      74 |       3 |   3.9 |      42 |       2 |   4.5
            +---------+---------+-------+---------+---------+-------
        D:1 |      44 |       3 |   6.4 |      29 |       2 |   6.5
        D:2 |      16 |       0 |   0.0 |       8 |       0 |   0.0
        D:3 |      14 |       0 |   0.0 |       5 |       0 |   0.0
            +---------+---------+-------+---------+---------+-------
